Pick #1

Connor Bedard
Pick #2

Leo Carlsson
Pick #3

Adam Fantilli
Pick #4

Matvei Michkov
Pick #5

David Reinbacher
Pick #6

William Smith
Pick #7

Zachary Benson
Pick #8

Ryan Leonard
Pick #9

Gabriel Perreault
Pick #10

Axel Sandin-Pellika
Pick #11

Daniil But
Pick #12

Dalibor Dvorsky
Pick #13

Quentin Musty
Pick #14

Brayden Yager
Pick #15

Dmitry Simashev
Pick #16

Colby Barlow
Pick #17

Andrew Cristall
Pick #18

Easton Cowan
Pick #19

Jacob Fowler
Pick #20

Oliver Moore
Pick #21

Oliver Bonk
Pick #22

Tom Willander
Pick #23

Calum Ritchie
Pick #24

Tanner Molendyk
Pick #25

Gavin Brindley
Pick #26

Nate Danielson
Pick #27

Pick #28

Pick #29

Pick #30

Pick #31

Pick #32

Pick #33

Pick #34

Pick #35

Pick #36

Pick #37

Pick #38

Pick #39

Pick #40

Pick #41

Pick #42

Pick #43

Pick #44

Pick #45

Pick #46

Pick #47

Pick #48

Pick #49

Pick #50

Pick #51

Pick #52

Pick #53

Pick #54

Pick #55

Pick #56

Pick #57

Pick #58

Pick #59

Pick #60

Pick #61

Pick #62

Pick #63

Pick #64

Pick #65

Pick #66

Pick #67

Pick #68

Pick #69

Pick #70

Pick #71

Pick #72

Pick #73

Pick #74

Pick #75

Pick #76

Pick #77

Pick #78

Pick #79

Pick #80

Pick #81

Pick #82

Pick #83

Pick #84

Pick #85

Pick #86

Pick #87

Pick #88

Pick #89

Pick #90

Pick #91

Pick #92

Pick #93

Pick #94

Pick #95

Pick #96

Pick #97

Pick #98

Pick #99

Pick #100

Pick #101

Pick #102

Pick #103

Pick #104

Pick #105

Pick #106

Pick #107

Pick #108

Pick #109

Pick #110

Pick #111

Pick #112

Pick #113

Pick #114

Pick #115

Pick #116

Pick #117

Pick #118

Pick #119

Pick #120

Pick #121

Pick #122

Pick #123

Pick #124

Pick #125

Pick #126

Pick #127

Pick #128

Pick #129

Pick #130

Full Scoreboard »»

Ducks vs MapleLeafs

Created - February 17, 2024 at 22:11

Goals
1 2 3 OT1 T
Ducks 3 0 1 0 4
MapleLeafs 2 2 0 1 5
Shots
1 2 3 OT1 T
Ducks 9 10 11 0 30
MapleLeafs 8 14 9 2 33

GoalsPenalties
1st period
1. MapleLeafs , Drake Batherson 15 (Jonathan Huberdeau 26, Shane Pinto 5) at 0:06
2. Ducks , Nikolaj Ehlers 8 (Brayden McNabb 10) at 2:47
3. Ducks , Adam Fox 9 (Rasmus Dahlin 34, Adrian Kempe 16) at 10:15
4. MapleLeafs , Filip Chytil 8 (Alexander Romanov 14, Jonatan Berggren 4) at 18:58
5. Ducks , Adrian Kempe 19 (Adam Fox 41, Rasmus Dahlin 35) at 19:22
Trent Frederic (TOR) for Holding (Minor) at 15:38
2nd period
6. MapleLeafs , Alexander Wennberg 19 (Anthony Duclair 13, Ryan Graves 13) at 5:59
7. MapleLeafs , Drake Batherson 16 (Alexander Wennberg 25) at 9:50 (PP)
Adrian Kempe (ANA) for Roughing (Minor) at 0:09
Ryan McDonagh (ANA) for Tripping (Minor) at 2:54
Trent Frederic (TOR) for Holding (Minor) at 6:58
Moritz Seider (ANA) for Tripping (Minor) at 9:42
Nicolas Hague (TOR) for Tripping (Minor) at 12:38
3rd period
8. Ducks , Moritz Seider 9 (Tyson Barrie 20, Adrian Kempe 17) at 16:21
Moritz Seider (ANA) for Holding (Minor) at 7:01
Phillip Danault (ANA) for Hooking (Minor) at 19:54
Overtime #1
9. MapleLeafs , Shane Pinto 2 (Noel Acciari 5, Alexander Romanov 15) at 2:15
No Penalty
Goalie Stats
Frederik Andersen (ANA), 28 saves from 33 shots - (0.848), OTL, 30-20-4, 62:16 minutes
Jordan Binnington (TOR), 26 saves from 30 shots - (0.867), W, 11-15-5, 62:16 minutes
3 StarsOfficial
1 - Drake Batherson (TOR)
2 - Shane Pinto (TOR)
3 - Adrian Kempe (ANA)
Referees : Brad Meier and Justin St. Pierre
Linesman : Glen Cooke and Kyle Larson
Game Note
No Game Note
Finance
Level 1 -- Attendance: 6392 (98.34%) -- Ticket Income $703,120
Level 2 -- Attendance: 4406 (88.12%) -- Ticket Income $396,540
Level 3 -- Attendance: 3442 (98.34%) -- Ticket Income $223,730
Level 4 -- Attendance: 2819 (100.00%) -- Ticket Income $112,760
Luxury Box -- Attendance: 1000 (100.00%) -- Ticket Income $220,000
Game was played at the Air Canada Center.
Total Attendance: 18059 (95.96%)
Total Ticket Income: $1,656,150
Other Income: $414,038
Total Income: $2,070,188



Team Name Goals Shots Shots Attemp Shots Blocked PIM HIT PP PK FO%
Ducks 430591210220 / 3 (0%)160%
MapleLeafs 53367106281 / 5 (20%)040%

Ducks
Player Name POS G A P +/- PIM HIT SHT SB MP PP MP PP SHT PK MP PK SHT FO% FOT
Adam FoxD112-1005327:233:2924:1100% 0
Adrian KempeRW1230207220:333:2912:270100% 1
Brayden McNabbD0110020012:130:2200:0700% 0
Claude GirouxRW0000021019:322:0700:0000% 1
Jason RobertsonLW0000000016:160:2101:1700% 0
Joe PavelskiC0001011027:193:2905:24064% 47
Mats ZuccarelloRW000000104:330:2110:0000% 1
Michael AmadioRW000000000:000:0000:0000% 0
Moritz SeiderD1011462121:522:0603:0000% 0
Nikolaj EhlersLW1010001012:020:0000:0000% 0
Patrick KaneRW0000011018:243:2902:5500% 2
Phillip DanaultC0000243020:332:0701:02064% 22
Pierre-Luc DuboisLW000000004:100:0000:0000% 0
Rasmus DahlinD0220042327:013:2924:1100% 0
Ryan McDonaghD0000211212:540:2210:4900% 0
Travis BoydC0000002112:300:2100:07055% 11
Tyson BarrieD0111011022:442:0603:5000% 0
Zach HymanLW0000002020:342:0711:02067% 3
MapleLeafs
Player Name POS G A P +/- PIM HIT SHT SB MP PP MP PP SHT PK MP PK SHT FO% FOT
Alexander RomanovD0220030019:280:0002:3400% 0
Alexander WennbergC112-1004021:593:0103:49031% 36
Anthony DuclairLW011-1000017:142:2900:1400% 1
Barrett HaytonC000-1022014:500:4000:1700% 1
Drake BathersonRW2020015017:273:0140:000100% 2
Erik CernakD000-1020219:400:0002:3400% 0
Filip ChytilC1011014016:103:0910:00056% 16
John MarinoD0000033125:033:5523:2300% 0
Jonatan BerggrenRW0111004013:010:0000:0000% 0
Jonathan HuberdeauC0110025018:053:0110:0000% 2
Nicolas HagueD0000220117:102:1500:0000% 0
Nils AmanC000-100108:310:0001:2000% 0
Noah CatesLW000-1001011:340:0004:2300% 1
Noel AcciariC011000009:240:0001:51057% 7
Ryan GravesD0110032425:033:5523:2300% 0
Shane PintoC1121012017:193:0900:00043% 21
Trent FredericC0001480012:590:0000:0000% 1
Zach WhitecloudD0000000217:452:1500:0000% 0



Play-by-Play

1st period


0:01 of 1st period - Shane Pinto wins face-off versus Joe Pavelski in neutral zone.
0:06 of 1st period - Shot by Drake Batherson.
0:06 of 1st period - Goal by Drake Batherson - Ducks : 0 - MapleLeafs : 1.
0:07 of 1st period - Phillip Danault wins face-off versus Alexander Wennberg in neutral zone.
0:10 of 1st period - Barrett Hayton is hit by Phillip Danault.
0:22 of 1st period - Shot by Barrett Hayton.
0:22 of 1st period - Stopped by Frederik Andersen with a rebound.
0:24 of 1st period - Shot by Alexander Wennberg.
0:24 of 1st period - Shot Misses the Net.
0:26 of 1st period - Shot by Barrett Hayton.
0:26 of 1st period - Shot Blocked by Moritz Seider.
1:10 of 1st period - Shot by Filip Chytil.
1:10 of 1st period - Stopped by Frederik Andersen without a rebound.
1:11 of 1st period - Joe Pavelski wins face-off versus Shane Pinto in Ducks zone.
1:11 of 1st period - Joe Pavelski is hit by Jonathan Huberdeau.
1:31 of 1st period - Shot by Jonathan Huberdeau.
1:31 of 1st period - Shot Blocked by Rasmus Dahlin.
1:33 of 1st period - Shot by Jonathan Huberdeau.
1:33 of 1st period - Shot Misses the Net.
1:40 of 1st period - Drake Batherson is hit by Rasmus Dahlin and loses puck.
1:47 of 1st period - Shot by Drake Batherson.
1:47 of 1st period - Shot Blocked by Adam Fox.
2:31 of 1st period - Shot by Jonatan Berggren.
2:31 of 1st period - Stopped by Frederik Andersen without a rebound.
2:32 of 1st period - Noel Acciari wins face-off versus Travis Boyd in Ducks zone.
2:47 of 1st period - Shot by Nikolaj Ehlers.
2:47 of 1st period - Goal by Nikolaj Ehlers - Ducks : 1 - MapleLeafs : 1.
2:48 of 1st period - Phillip Danault wins face-off versus Alexander Wennberg in neutral zone.
3:21 of 1st period - Shot by Claude Giroux.
3:21 of 1st period - Shot Misses the Net.
3:51 of 1st period - Shot by Nikolaj Ehlers.
3:51 of 1st period - Shot Misses the Net.
4:01 of 1st period - Shot by Patrick Kane.
4:01 of 1st period - Shot Blocked by Ryan Graves.
4:03 of 1st period - Shot by Adam Fox.
4:03 of 1st period - Stopped by Jordan Binnington without a rebound.
4:04 of 1st period - Joe Pavelski wins face-off versus Shane Pinto in MapleLeafs zone.
4:04 of 1st period - Joe Pavelski is hit by Erik Cernak.
4:10 of 1st period - Shot by Jason Robertson.
4:10 of 1st period - Shot Misses the Net.
4:18 of 1st period - Shot by Jonathan Huberdeau.
4:18 of 1st period - Shot Misses the Net.
4:25 of 1st period - Jonathan Huberdeau is hit by Ryan McDonagh.
4:27 of 1st period - Shot by Shane Pinto.
4:27 of 1st period - Shot Misses the Net.
4:49 of 1st period - Shot by Jonathan Huberdeau.
4:49 of 1st period - Shot Misses the Net.
5:14 of 1st period - Shot by Noah Cates.
5:14 of 1st period - Stopped by Frederik Andersen without a rebound.
5:15 of 1st period - Filip Chytil wins face-off versus Travis Boyd in Ducks zone.
5:15 of 1st period - Trent Frederic is hit by Rasmus Dahlin and loses puck.
5:52 of 1st period - Shot by Patrick Kane.
5:52 of 1st period - Shot Misses the Net.
5:58 of 1st period - Shot by Patrick Kane.
5:58 of 1st period - Deflect By Travis Boyd.
5:58 of 1st period - Stopped by Jordan Binnington without a rebound.
5:59 of 1st period - Noel Acciari wins face-off versus Phillip Danault in MapleLeafs zone.
6:01 of 1st period - Icing by John Marino.
6:02 of 1st period - Zach Hyman wins face-off versus Noel Acciari in MapleLeafs zone.
6:52 of 1st period - Noel Acciari is hit by Moritz Seider and loses puck.
6:58 of 1st period - Icing by Moritz Seider.
6:59 of 1st period - Phillip Danault wins face-off versus Alexander Wennberg in Ducks zone.
7:18 of 1st period - Shot by Alexander Wennberg.
7:18 of 1st period - Stopped by Frederik Andersen with a rebound.
8:05 of 1st period - Icing by Adam Fox.
8:06 of 1st period - Joe Pavelski wins face-off versus Filip Chytil in Ducks zone.
8:06 of 1st period - Joe Pavelski is hit by Trent Frederic.
8:37 of 1st period - Shot by Jonatan Berggren.
8:37 of 1st period - Deflect By Filip Chytil.
8:37 of 1st period - Shot Misses the Net.
8:39 of 1st period - Shot by Trent Frederic.
8:39 of 1st period - Shot Blocked by Travis Boyd.
9:35 of 1st period - Icing by John Marino.
9:36 of 1st period - Joe Pavelski wins face-off versus Shane Pinto in MapleLeafs zone.
9:51 of 1st period - Shot by Adrian Kempe.
9:51 of 1st period - Stopped by Jordan Binnington with a rebound.
9:53 of 1st period - Shot by Jason Robertson.
9:53 of 1st period - Shot Misses the Net.
10:06 of 1st period - Adrian Kempe is hit by John Marino and loses puck.
10:15 of 1st period - Shot by Adam Fox.
10:15 of 1st period - Goal by Adam Fox - Ducks : 2 - MapleLeafs : 1.
10:16 of 1st period - Phillip Danault wins face-off versus Alexander Wennberg in neutral zone.
10:44 of 1st period - Off-side.
10:45 of 1st period - Travis Boyd wins face-off versus Filip Chytil in neutral zone.
12:36 of 1st period - Icing by Moritz Seider.
12:37 of 1st period - Zach Hyman wins face-off versus Shane Pinto in Ducks zone.
12:54 of 1st period - Icing by Ryan Graves.
12:55 of 1st period - Shane Pinto wins face-off versus Travis Boyd in MapleLeafs zone.
14:10 of 1st period - Shot by Joe Pavelski.
14:10 of 1st period - Stopped by Jordan Binnington without a rebound.
14:11 of 1st period - Noel Acciari wins face-off versus Phillip Danault in MapleLeafs zone.
14:11 of 1st period - Noel Acciari is hit by Phillip Danault.
14:22 of 1st period - Noah Cates is hit by Moritz Seider and loses puck.
14:26 of 1st period - Icing by Tyson Barrie.
14:27 of 1st period - Phillip Danault wins face-off versus Alexander Wennberg in Ducks zone.
15:24 of 1st period - Adam Fox is hit by Trent Frederic and loses puck.
15:38 of 1st period - Minor Penalty to Trent Frederic for Holding.
15:39 of 1st period - Joe Pavelski wins face-off versus Alexander Wennberg in MapleLeafs zone.
16:04 of 1st period - Shot by Adam Fox.
16:04 of 1st period - Stopped by Jordan Binnington with a rebound.
17:05 of 1st period - Off-side.
17:06 of 1st period - Alexander Wennberg wins face-off versus Joe Pavelski in neutral zone.
18:54 of 1st period - Shot by Filip Chytil.
18:54 of 1st period - Stopped by Frederik Andersen with a rebound.
18:56 of 1st period - Shot by Alexander Romanov.
18:56 of 1st period - Shot Misses the Net.
18:58 of 1st period - Shot by Filip Chytil.
18:58 of 1st period - Goal by Filip Chytil - Ducks : 2 - MapleLeafs : 2.
18:59 of 1st period - Phillip Danault wins face-off versus Alexander Wennberg in neutral zone.
18:59 of 1st period - Claude Giroux is hit by Barrett Hayton and loses puck.
19:09 of 1st period - Icing by Ryan Graves.
19:10 of 1st period - Alexander Wennberg wins face-off versus Joe Pavelski in MapleLeafs zone.
19:12 of 1st period - Icing by Barrett Hayton.
19:13 of 1st period - Joe Pavelski wins face-off versus Alexander Wennberg in MapleLeafs zone.
19:16 of 1st period - Shot by Adam Fox.
19:16 of 1st period - Shot Misses the Net.
19:18 of 1st period - Shot by Rasmus Dahlin.
19:18 of 1st period - Shot Misses the Net.
19:20 of 1st period - Shot by Adam Fox.
19:20 of 1st period - Stopped by Jordan Binnington with a rebound.
19:22 of 1st period - Shot by Adrian Kempe.
19:22 of 1st period - Goal by Adrian Kempe - Ducks : 3 - MapleLeafs : 2.
19:23 of 1st period - Joe Pavelski wins face-off versus Shane Pinto in neutral zone.
19:57 of 1st period - Shot by Adrian Kempe.
19:57 of 1st period - Shot Blocked by Erik Cernak.
Goals for this period are 3 for Ducks vs 2 for MapleLeafs.
Shots for this period are 9 for Ducks vs 8 for MapleLeafs.

2nd period


0:01 of 2nd period - Joe Pavelski wins face-off versus Trent Frederic in neutral zone.
0:09 of 2nd period - Minor Penalty to Adrian Kempe for Roughing.
0:10 of 2nd period - Alexander Wennberg wins face-off versus Patrick Kane in Ducks zone.
0:19 of 2nd period - Shot by Jonathan Huberdeau.
0:19 of 2nd period - Shot Misses the Net.
0:21 of 2nd period - Shot by Ryan Graves.
0:21 of 2nd period - Stopped by Frederik Andersen without a rebound.
0:22 of 2nd period - Joe Pavelski wins face-off versus Shane Pinto in Ducks zone.
1:05 of 2nd period - Shot by John Marino.
1:05 of 2nd period - Shot Blocked by Adam Fox.
1:16 of 2nd period - Icing by Alexander Wennberg.
1:17 of 2nd period - Joe Pavelski wins face-off versus Alexander Wennberg in MapleLeafs zone.
1:37 of 2nd period - Jonathan Huberdeau is hit by Moritz Seider.
1:40 of 2nd period - Alexander Wennberg is hit by Tyson Barrie and loses puck.
1:51 of 2nd period - Shot by Drake Batherson.
1:51 of 2nd period - Stopped by Frederik Andersen without a rebound.
1:52 of 2nd period - Shane Pinto wins face-off versus Joe Pavelski in Ducks zone.
2:18 of 2nd period - Noel Acciari is hit by Brayden McNabb and loses puck.
2:54 of 2nd period - Minor Penalty to Ryan McDonagh for Tripping.
2:55 of 2nd period - Alexander Wennberg wins face-off versus Joe Pavelski in Ducks zone.
2:56 of 2nd period - Shot by Jonathan Huberdeau.
2:56 of 2nd period - Shot Misses the Net.
2:58 of 2nd period - Shot by Ryan Graves.
2:58 of 2nd period - Stopped by Frederik Andersen without a rebound.
2:59 of 2nd period - Joe Pavelski wins face-off versus Alexander Wennberg in Ducks zone.
2:59 of 2nd period - Joe Pavelski is hit by Jonathan Huberdeau.
3:23 of 2nd period - Shot by Drake Batherson.
3:23 of 2nd period - Stopped by Frederik Andersen without a rebound.
3:24 of 2nd period - Shane Pinto wins face-off versus Joe Pavelski in Ducks zone.
3:32 of 2nd period - Shot by Filip Chytil.
3:32 of 2nd period - Stopped by Frederik Andersen without a rebound.
3:33 of 2nd period - Alexander Wennberg wins face-off versus Joe Pavelski in Ducks zone.
4:15 of 2nd period - Shot by Drake Batherson.
4:15 of 2nd period - Stopped by Frederik Andersen without a rebound.
4:16 of 2nd period - Joe Pavelski wins face-off versus Shane Pinto in Ducks zone.
5:30 of 2nd period - Off-side.
5:31 of 2nd period - Phillip Danault wins face-off versus Alexander Wennberg in neutral zone.
5:37 of 2nd period - Icing by Barrett Hayton.
5:38 of 2nd period - Alexander Wennberg wins face-off versus Joe Pavelski in MapleLeafs zone.
5:59 of 2nd period - Shot by Anthony Duclair.
5:59 of 2nd period - Deflect By Alexander Wennberg.
5:59 of 2nd period - Goal by Alexander Wennberg - Ducks : 3 - MapleLeafs : 3.
6:00 of 2nd period - Phillip Danault wins face-off versus Filip Chytil in neutral zone.
6:07 of 2nd period - Shot by Claude Giroux.
6:07 of 2nd period - Shot Blocked by Nicolas Hague.
6:22 of 2nd period - Moritz Seider is hit by Trent Frederic and loses puck.
6:58 of 2nd period - Minor Penalty to Trent Frederic for Holding.
6:59 of 2nd period - Joe Pavelski wins face-off versus Alexander Wennberg in MapleLeafs zone.
7:23 of 2nd period - Adam Fox is hit by Alexander Romanov and loses puck.
7:42 of 2nd period - Shot by Rasmus Dahlin.
7:42 of 2nd period - Stopped by Jordan Binnington without a rebound.
7:43 of 2nd period - Phillip Danault wins face-off versus Alexander Wennberg in MapleLeafs zone.
8:12 of 2nd period - Shot by Zach Hyman.
8:12 of 2nd period - Stopped by Jordan Binnington without a rebound.
8:13 of 2nd period - Joe Pavelski wins face-off versus Alexander Wennberg in MapleLeafs zone.
8:22 of 2nd period - Shot by Adrian Kempe.
8:22 of 2nd period - Stopped by Jordan Binnington without a rebound.
8:23 of 2nd period - Joe Pavelski wins face-off versus Noah Cates in MapleLeafs zone.
8:24 of 2nd period - Shot by Adam Fox.
8:24 of 2nd period - Stopped by Jordan Binnington without a rebound.
8:25 of 2nd period - Joe Pavelski wins face-off versus Alexander Wennberg in MapleLeafs zone.
8:34 of 2nd period - Shot by Rasmus Dahlin.
8:34 of 2nd period - Stopped by Jordan Binnington with a rebound.
8:58 of 2nd period - Shot by Joe Pavelski.
8:58 of 2nd period - Shot Misses the Net.
9:18 of 2nd period - Icing by Phillip Danault.
9:19 of 2nd period - Filip Chytil wins face-off versus Phillip Danault in Ducks zone.
9:19 of 2nd period - John Marino is hit by Moritz Seider and loses puck.
9:38 of 2nd period - Moritz Seider is hit by Trent Frederic and loses puck.
9:42 of 2nd period - Minor Penalty to Moritz Seider for Tripping.
9:43 of 2nd period - Alexander Wennberg wins face-off versus Joe Pavelski in Ducks zone.
9:46 of 2nd period - Shot by Jonathan Huberdeau.
9:46 of 2nd period - Stopped by Frederik Andersen without a rebound.
9:47 of 2nd period - Alexander Wennberg wins face-off versus Joe Pavelski in Ducks zone.
9:50 of 2nd period - Shot by Drake Batherson.
9:50 of 2nd period - Goal by Drake Batherson - Ducks : 3 - MapleLeafs : 4.
9:51 of 2nd period - Joe Pavelski wins face-off versus Alexander Wennberg in neutral zone.
10:00 of 2nd period - Shot by Adrian Kempe.
10:00 of 2nd period - Shot Misses the Net.
10:05 of 2nd period - Off-side.
10:06 of 2nd period - Phillip Danault wins face-off versus Shane Pinto in neutral zone.
10:19 of 2nd period - Shot by Zach Hyman.
10:19 of 2nd period - Deflect By Phillip Danault.
10:19 of 2nd period - Stopped by Jordan Binnington without a rebound.
10:20 of 2nd period - Joe Pavelski wins face-off versus Barrett Hayton in MapleLeafs zone.
10:30 of 2nd period - Adrian Kempe is hit by John Marino and loses puck.
11:43 of 2nd period - Shot by Drake Batherson.
11:43 of 2nd period - Shot Misses the Net.
11:53 of 2nd period - Shot by Drake Batherson.
11:53 of 2nd period - Shot Blocked by Adam Fox.
11:55 of 2nd period - Shot by Jonathan Huberdeau.
11:55 of 2nd period - Stopped by Frederik Andersen without a rebound.
11:56 of 2nd period - Filip Chytil wins face-off versus Phillip Danault in Ducks zone.
12:38 of 2nd period - Minor Penalty to Nicolas Hague for Tripping.
12:39 of 2nd period - Alexander Wennberg wins face-off versus Phillip Danault in MapleLeafs zone.
12:39 of 2nd period - Alexander Wennberg is hit by Claude Giroux.
12:51 of 2nd period - Shot by Tyson Barrie.
12:51 of 2nd period - Shot Misses the Net.
14:10 of 2nd period - Shot by Tyson Barrie.
14:10 of 2nd period - Shot Blocked by Ryan Graves.
14:12 of 2nd period - Shot by Mats Zuccarello.
14:12 of 2nd period - Stopped by Jordan Binnington without a rebound.
14:13 of 2nd period - Phillip Danault wins face-off versus Alexander Wennberg in MapleLeafs zone.
14:20 of 2nd period - Shot by Zach Hyman.
14:20 of 2nd period - Shot Blocked by Ryan Graves.
14:34 of 2nd period - Shot by Ryan McDonagh.
14:34 of 2nd period - Stopped by Jordan Binnington without a rebound.
14:35 of 2nd period - Adrian Kempe wins face-off versus Alexander Wennberg in MapleLeafs zone.
15:10 of 2nd period - Shot by Jonathan Huberdeau.
15:10 of 2nd period - Stopped by Frederik Andersen without a rebound.
15:11 of 2nd period - Joe Pavelski wins face-off versus Filip Chytil in Ducks zone.
15:11 of 2nd period - Joe Pavelski is hit by Trent Frederic.
15:20 of 2nd period - Rasmus Dahlin is hit by Trent Frederic and loses puck.
15:30 of 2nd period - Mats Zuccarello is hit by Ryan Graves and loses puck.
16:16 of 2nd period - Barrett Hayton is hit by Rasmus Dahlin and loses puck.
16:45 of 2nd period - Shot by Phillip Danault.
16:45 of 2nd period - Shot Misses the Net.
16:47 of 2nd period - Shot by Phillip Danault.
16:47 of 2nd period - Shot Misses the Net.
17:10 of 2nd period - Shot by Phillip Danault.
17:10 of 2nd period - Stopped by Jordan Binnington without a rebound.
17:11 of 2nd period - Drake Batherson wins face-off versus Travis Boyd in MapleLeafs zone.
17:23 of 2nd period - Shot by Jonathan Huberdeau.
17:23 of 2nd period - Shot Blocked by Ryan McDonagh.
17:35 of 2nd period - Shot by Drake Batherson.
17:35 of 2nd period - Shot Blocked by Ryan McDonagh.
17:37 of 2nd period - Shot by Shane Pinto.
17:37 of 2nd period - Stopped by Frederik Andersen without a rebound.
17:38 of 2nd period - Filip Chytil wins face-off versus Claude Giroux in Ducks zone.
17:39 of 2nd period - Shot by John Marino.
17:39 of 2nd period - Stopped by Frederik Andersen with a rebound.
18:02 of 2nd period - Shot by Zach Hyman.
18:02 of 2nd period - Shot Blocked by Ryan Graves.
18:46 of 2nd period - Shot by Jonathan Huberdeau.
18:46 of 2nd period - Stopped by Frederik Andersen with a rebound.
18:56 of 2nd period - Shot by Shane Pinto.
18:56 of 2nd period - Shot Misses the Net.
19:15 of 2nd period - Icing by Zach Whitecloud.
19:16 of 2nd period - Joe Pavelski wins face-off versus Shane Pinto in MapleLeafs zone.
19:21 of 2nd period - Shot by Adrian Kempe.
19:21 of 2nd period - Stopped by Jordan Binnington without a rebound.
19:22 of 2nd period - Joe Pavelski wins face-off versus Alexander Wennberg in MapleLeafs zone.
19:23 of 2nd period - Shot by Jason Robertson.
19:23 of 2nd period - Shot Misses the Net.
19:41 of 2nd period - Shot by Anthony Duclair.
19:41 of 2nd period - Shot Blocked by Rasmus Dahlin.
19:47 of 2nd period - Shot by Anthony Duclair.
19:47 of 2nd period - Shot Misses the Net.
19:52 of 2nd period - Icing by Adam Fox.
19:53 of 2nd period - Joe Pavelski wins face-off versus Filip Chytil in Ducks zone.
19:57 of 2nd period - Adam Fox is hit by Ryan Graves and loses puck.
Goals for this period are 0 for Ducks vs 2 for MapleLeafs.
Shots for this period are 10 for Ducks vs 14 for MapleLeafs.

3rd period


0:01 of 3rd period - Joe Pavelski wins face-off versus Anthony Duclair in neutral zone.
0:24 of 3rd period - Shot by Barrett Hayton.
0:24 of 3rd period - Shot Misses the Net.
0:26 of 3rd period - Shot by Barrett Hayton.
0:26 of 3rd period - Deflect By Anthony Duclair.
0:26 of 3rd period - Shot Misses the Net.
1:22 of 3rd period - Shot by Zach Hyman.
1:22 of 3rd period - Shot Blocked by Erik Cernak.
1:24 of 3rd period - Shot by Tyson Barrie.
1:24 of 3rd period - Shot Misses the Net.
1:29 of 3rd period - Claude Giroux is hit by Erik Cernak and loses puck.
1:40 of 3rd period - Erik Cernak is hit by Phillip Danault and loses puck.
2:04 of 3rd period - Shane Pinto is hit by Brayden McNabb.
2:22 of 3rd period - Shot by Nikolaj Ehlers.
2:22 of 3rd period - Deflect By Patrick Kane.
2:22 of 3rd period - Shot Misses the Net.
2:24 of 3rd period - Shot by Travis Boyd.
2:24 of 3rd period - Shot Blocked by Zach Whitecloud.
2:26 of 3rd period - Shot by Travis Boyd.
2:26 of 3rd period - Stopped by Jordan Binnington without a rebound.
2:27 of 3rd period - Noel Acciari wins face-off versus Mats Zuccarello in MapleLeafs zone.
2:48 of 3rd period - Pierre-Luc Dubois is hit by Ryan Graves and loses puck.
4:22 of 3rd period - Moritz Seider is hit by Nicolas Hague and loses puck.
4:37 of 3rd period - Shot by Alexander Wennberg.
4:37 of 3rd period - Stopped by Frederik Andersen without a rebound.
4:38 of 3rd period - Phillip Danault wins face-off versus Filip Chytil in Ducks zone.
4:38 of 3rd period - Phillip Danault is hit by Trent Frederic.
4:59 of 3rd period - Phillip Danault is hit by Alexander Romanov and loses puck.
5:08 of 3rd period - Shot by Phillip Danault.
5:08 of 3rd period - Stopped by Jordan Binnington with a rebound.
5:10 of 3rd period - Shot by Zach Hyman.
5:10 of 3rd period - Stopped by Jordan Binnington without a rebound.
5:11 of 3rd period - Alexander Wennberg wins face-off versus Joe Pavelski in MapleLeafs zone.
5:11 of 3rd period - Alexander Wennberg is hit by Joe Pavelski.
5:19 of 3rd period - Shot by Anthony Duclair.
5:19 of 3rd period - Deflect By Barrett Hayton.
5:19 of 3rd period - Shot Misses the Net.
5:21 of 3rd period - Shot by Barrett Hayton.
5:21 of 3rd period - Stopped by Frederik Andersen without a rebound.
5:22 of 3rd period - Joe Pavelski wins face-off versus Shane Pinto in Ducks zone.
5:22 of 3rd period - Rasmus Dahlin is hit by Drake Batherson and loses puck.
5:37 of 3rd period - Shot by Jason Robertson.
5:37 of 3rd period - Shot Blocked by Zach Whitecloud.
5:57 of 3rd period - Jason Robertson is hit by Shane Pinto and loses puck.
6:45 of 3rd period - Erik Cernak is hit by Moritz Seider and loses puck.
7:01 of 3rd period - Minor Penalty to Moritz Seider for Holding.
7:02 of 3rd period - Shane Pinto wins face-off versus Joe Pavelski in Ducks zone.
7:03 of 3rd period - Shot by Anthony Duclair.
7:03 of 3rd period - Shot Misses the Net.
7:05 of 3rd period - Shot by Ryan Graves.
7:05 of 3rd period - Shot Misses the Net.
7:09 of 3rd period - Shot by Filip Chytil.
7:09 of 3rd period - Shot Blocked by Rasmus Dahlin.
7:13 of 3rd period - Shot by John Marino.
7:13 of 3rd period - Stopped by Frederik Andersen with a rebound.
7:17 of 3rd period - Shot by Ryan Graves.
7:17 of 3rd period - Shot Misses the Net.
7:19 of 3rd period - Shot by Ryan Graves.
7:19 of 3rd period - Shot Misses the Net.
7:31 of 3rd period - Adrian Kempe is hit by Filip Chytil and loses puck.
8:52 of 3rd period - Icing by John Marino.
8:53 of 3rd period - Travis Boyd wins face-off versus Filip Chytil in MapleLeafs zone.
9:28 of 3rd period - Shot by Claude Giroux.
9:28 of 3rd period - Stopped by Jordan Binnington without a rebound.
9:29 of 3rd period - Travis Boyd wins face-off versus Alexander Wennberg in MapleLeafs zone.
9:30 of 3rd period - Shot by Patrick Kane.
9:30 of 3rd period - Shot Misses the Net.
10:20 of 3rd period - Noel Acciari is hit by Rasmus Dahlin.
10:50 of 3rd period - Shot by Nils Aman.
10:50 of 3rd period - Stopped by Frederik Andersen without a rebound.
10:51 of 3rd period - Filip Chytil wins face-off versus Joe Pavelski in Ducks zone.
10:55 of 3rd period - Icing by Moritz Seider.
10:56 of 3rd period - Filip Chytil wins face-off versus Joe Pavelski in Ducks zone.
11:30 of 3rd period - Shot by Jonatan Berggren.
11:30 of 3rd period - Stopped by Frederik Andersen without a rebound.
11:31 of 3rd period - Shane Pinto wins face-off versus Phillip Danault in Ducks zone.
11:47 of 3rd period - Icing by Drake Batherson.
11:48 of 3rd period - Shane Pinto wins face-off versus Joe Pavelski in MapleLeafs zone.
11:57 of 3rd period - Shot by Jonathan Huberdeau.
11:57 of 3rd period - Shot Misses the Net.
12:19 of 3rd period - Shot by John Marino.
12:19 of 3rd period - Shot Misses the Net.
12:49 of 3rd period - Jonatan Berggren is hit by Claude Giroux and loses puck.
13:25 of 3rd period - Adam Fox is hit by Nicolas Hague and loses puck.
13:39 of 3rd period - Off-side.
13:40 of 3rd period - Travis Boyd wins face-off versus Noel Acciari in neutral zone.
14:13 of 3rd period - Shot by Nikolaj Ehlers.
14:13 of 3rd period - Shot Misses the Net.
14:16 of 3rd period - Icing by Ryan Graves.
14:17 of 3rd period - Joe Pavelski wins face-off versus Noel Acciari in MapleLeafs zone.
14:40 of 3rd period - Ryan Graves is hit by Moritz Seider and loses puck.
14:57 of 3rd period - Shot by Joe Pavelski.
14:57 of 3rd period - Shot Misses the Net.
14:59 of 3rd period - Shot by Adrian Kempe.
14:59 of 3rd period - Stopped by Jordan Binnington without a rebound.
15:00 of 3rd period - Phillip Danault wins face-off versus Shane Pinto in MapleLeafs zone.
15:17 of 3rd period - Zach Whitecloud is hit by Phillip Danault and loses puck.
15:55 of 3rd period - Icing by Adam Fox.
15:56 of 3rd period - Phillip Danault wins face-off versus Alexander Wennberg in Ducks zone.
15:56 of 3rd period - Claude Giroux is hit by Barrett Hayton and loses puck.
16:21 of 3rd period - Shot by Moritz Seider.
16:21 of 3rd period - Goal by Moritz Seider - Ducks : 4 - MapleLeafs : 4.
16:22 of 3rd period - Filip Chytil wins face-off versus Joe Pavelski in neutral zone.
16:25 of 3rd period - Moritz Seider is hit by Trent Frederic and loses puck.
16:38 of 3rd period - Shot by Adrian Kempe.
16:38 of 3rd period - Stopped by Jordan Binnington with a rebound.
16:40 of 3rd period - Shot by Adrian Kempe.
16:40 of 3rd period - Deflect By Jason Robertson.
16:40 of 3rd period - Shot Blocked by John Marino.
16:42 of 3rd period - Shot by Adrian Kempe.
16:42 of 3rd period - Stopped by Jordan Binnington without a rebound.
16:43 of 3rd period - Travis Boyd wins face-off versus Alexander Wennberg in MapleLeafs zone.
16:50 of 3rd period - Shot by Patrick Kane.
16:50 of 3rd period - Stopped by Jordan Binnington without a rebound.
16:51 of 3rd period - Joe Pavelski wins face-off versus Alexander Wennberg in MapleLeafs zone.
17:00 of 3rd period - Shot by Adrian Kempe.
17:00 of 3rd period - Shot Misses the Net.
17:02 of 3rd period - Shot by Moritz Seider.
17:02 of 3rd period - Stopped by Jordan Binnington with a rebound.
17:04 of 3rd period - Shot by Tyson Barrie.
17:04 of 3rd period - Stopped by Jordan Binnington without a rebound.
17:05 of 3rd period - Filip Chytil wins face-off versus Zach Hyman in MapleLeafs zone.
17:32 of 3rd period - Shot by Jonatan Berggren.
17:32 of 3rd period - Stopped by Frederik Andersen without a rebound.
17:33 of 3rd period - Joe Pavelski wins face-off versus Alexander Wennberg in Ducks zone.
17:33 of 3rd period - Joe Pavelski is hit by Alexander Romanov.
18:36 of 3rd period - Shot by Jonatan Berggren.
18:36 of 3rd period - Shot Blocked by Adrian Kempe.
18:40 of 3rd period - Shot by Filip Chytil.
18:40 of 3rd period - Shot Misses the Net.
18:42 of 3rd period - Shot by Jonatan Berggren.
18:42 of 3rd period - Stopped by Frederik Andersen without a rebound.
18:43 of 3rd period - Shane Pinto wins face-off versus Phillip Danault in Ducks zone.
19:06 of 3rd period - Icing by Ryan Graves.
19:07 of 3rd period - Shane Pinto wins face-off versus Travis Boyd in MapleLeafs zone.
19:09 of 3rd period - Icing by Jonathan Huberdeau.
19:10 of 3rd period - Travis Boyd wins face-off versus Shane Pinto in MapleLeafs zone.
19:10 of 3rd period - Travis Boyd is hit by John Marino.
19:20 of 3rd period - Shot by Jonathan Huberdeau.
19:20 of 3rd period - Stopped by Frederik Andersen without a rebound.
19:21 of 3rd period - Filip Chytil wins face-off versus Phillip Danault in Ducks zone.
19:54 of 3rd period - Minor Penalty to Phillip Danault for Hooking.
19:55 of 3rd period - Alexander Wennberg wins face-off versus Joe Pavelski in Ducks zone.
19:58 of 3rd period - Shot by John Marino.
19:58 of 3rd period - Stopped by Frederik Andersen without a rebound.
19:59 of 3rd period - Joe Pavelski wins face-off versus Alexander Wennberg in Ducks zone.
Goals for this period are 1 for Ducks vs 0 for MapleLeafs.
Shots for this period are 11 for Ducks vs 9 for MapleLeafs.

Overtime #1


0:01 of 1st overtime period - Joe Pavelski wins face-off versus Jonathan Huberdeau in neutral zone.
0:41 of 1st overtime period - Shot by Alexander Wennberg.
0:41 of 1st overtime period - Stopped by Frederik Andersen without a rebound.
0:42 of 1st overtime period - Joe Pavelski wins face-off versus Jonathan Huberdeau in Ducks zone.
1:26 of 1st overtime period - Icing by Ryan Graves.
1:27 of 1st overtime period - Drake Batherson wins face-off versus Patrick Kane in MapleLeafs zone.
1:27 of 1st overtime period - Drake Batherson is hit by Patrick Kane.
2:13 of 1st overtime period - Shot by Shane Pinto.
2:13 of 1st overtime period - Shot Blocked by Adrian Kempe.
2:15 of 1st overtime period - Shot by Noel Acciari.
2:15 of 1st overtime period - Deflect By Shane Pinto.
2:15 of 1st overtime period - Goal by Shane Pinto - Ducks : 4 - MapleLeafs : 5.
Goals for this period are 0 for Ducks vs 1 for MapleLeafs.
Shots for this period are 0 for Ducks vs 2 for MapleLeafs.